 Dungeon Crawl Stone Soup version 0.27-a0-1202-ge72e49191c (webtiles) character file.

Game seed: 5732636571752416676

381 Glokmah the Covert (level 6, -1/43 HPs)
             Began as an Octopode Delver on June 4, 2021.
             Slain by a hound (3 damage)
             ... on level 4 of the Dungeon.
             The game lasted 00:04:23 (1047 turns).

Glokmah the Covert (Octopode Delver)                Turns: 1047, Time: 00:04:24

Health: -1/43      AC:  1    Str: 12    XL:     6   Next: 75%
Magic:  6/6        EV: 13    Int: 12    God:
Gold:   61         SH:  0    Dex: 15    Spells: 5/5 levels left

rFire    + . .     SeeInvis .   a - +0 spear
rCold    . . .     Faith    .   (no shield)
rNeg     . . .     Spirit   .   (helmet restricted)
rPois    .         Reflect  .   (no amulet)
rElec    .         Harm     .   c - ring of protection from fire
rCorr    .         Rampage  .   (no ring)
Will     .....                  (no ring)
Stlth    +++++.....             (no ring)
HPRegen  0.14/turn              (no ring)
MPRegen  0.10/turn              (no ring)
                                (no ring)
                                (no ring)

@: no status effects
A: almost no armour, amphibious, 8 rings, camouflage 1, gelatinous body 1,
(nimble swimmer 1), tentacles
a: no special abilities


You were on level 4 of the Dungeon.
You visited 1 branch of the dungeon, and saw 2 of its levels.

You collected 61 gold pieces.

Inventory:

Hand Weapons
 a - a +0 spear (weapon)
 b - a +0 dagger
Jewellery
 c - a ring of protection from fire (left tentacle)
Wands
 f - a wand of digging (2)
Scrolls
 d - a scroll of fear
 g - a scroll of brand weapon {unknown}
 h - a scroll of fog
 i - a scroll of immolation {unknown}
 j - a scroll of enchant weapon {unknown}
 k - a scroll of identify {unknown}
 l - 2 scrolls of magic mapping
Potions
 e - 2 potions of haste


   Skills:
 + Level 3.9 Fighting
 + Level 0.8 Short Blades
 + Level 3.2 Polearms
 + Level 2.6 Dodging
 + Level 9.9 Stealth


You had 5 spell levels left.
You didn't know any spells.
Your spell library contained the following spells:

 Spells                   Type           Power      Damage    Failure   Level
 Corona                   Hex            0%         N/A       32%         1
 Slow                     Hex            0%         N/A       45%         2
 Inner Flame              Hex/Fire       0%         N/A       69%         3
 Portal Projectile        Hex/Tloc       0%         N/A       69%         3
 Cause Fear               Hex            0%         N/A       97%         4
 Leda's Liquefaction      Hex/Erth       0%         N/A       97%         4


Dungeon Overview and Level Annotations

Branches:
Dungeon (5/15)
 Temple: D:4-7

Altars:
Elyvilon
Ru
The Shining One

Shops:
D:5 =


Innate Abilities, Weirdness & Mutations

You cannot wear most types of armour.
You are amphibious.
You can wear up to eight rings at the same time.
Your skin changes colour to match your surroundings (Stealth+).
Your rubbery body absorbs attacks. (AC +1, EV +1)
((You are camouflaged near water. (Stealth+)))
You have tentacles for arms and can constrict up to eight enemies at once.


Message History

Found 17 gold pieces.
There is a glowing golden altar of the Shining One here.
l - 2 scrolls of magic mapping Blork the orc comes into view.
He is wielding a +0 trident of flaming.
You see here 17 gold pieces.
Blork the orc is nearby!
You start resting.
A hound is nearby!
You reach to attack!
The helpless Blork the orc fails to defend himself.
You hit Blork the orc.
Blork the orc is lightly wounded.
Blork the orc closely misses you.
You reach to attack!
You closely miss Blork the orc.
Blork the orc is lightly wounded.
Blork the orc barely misses you.
You reach to attack!
You hit Blork the orc but do no damage.
Blork the orc is lightly wounded.
Blork the orc hits you from afar with a +0 trident of flaming!
Blork the orc burns you.
You are too injured to fight recklessly!
Blork the orc hits you with a +0 trident of flaming!
* * * LOW HITPOINT WARNING * * *
Blork the orc burns you.
* * * LOW HITPOINT WARNING * * *
The hound barks!
You hit Blork the orc. You grab Blork the orc.
Blork the orc is lightly wounded.
You constrict Blork the orc. Blork the orc closely misses you.
You hit Blork the orc but do no damage. You squeeze Blork the orc.
Blork the orc is moderately wounded.
You constrict Blork the orc. Blork the orc closely misses you.
You hit Blork the orc. You squeeze Blork the orc!
You kill Blork the orc!
Your Polearms skill increases to level 3!
You closely miss the hound. You grab the hound. You constrict the hound.
The hound bites you.
* * * LOW HITPOINT WARNING * * *
The hound bites you.
You die...

########..###(.
#....).<...##..
#####.######.......
#................##
#...............##
#.....#.####....###
#.$###.+.##........
#...#......#.......
#.@#..(...#........
#.h...._...........
##..#......#........
#...##.....#........
#....###.#.##.......
#...#.#$.###......#.
#)..............###.
................#
##..#.#........#.#


You could see a hound.

Vanquished Creatures
  A water moccasin (D:5)
  An ogre (D:4)
  Blork the orc (D:4)
  A crimson imp (D:4)
  A hound (D:5)
  Ijyb (D:4)
  An iguana (D:5)
  A hound skeleton (D:4)
  An ufetubus (D:5)
  An orc (D:5)
  A quokka (D:5)
  A ball python (D:4)
  2 goblin skeletons (D:4)
  A goblin zombie (D:4)
  2 hobgoblin zombies (D:4)
  2 kobold skeletons (D:4)
  4 orc skeletons (D:4)
  An orc zombie (D:4)
24 creatures vanquished.

Notes
Turn   | Place    | Note
-------+----------+-------------------------------------------
     0 | D:5      | Glokmah the Octopode Delver began the quest for the Orb.
     0 | D:5      | Reached XP level 1. HP: 16/16 MP: 1/1
    49 | D:5      | Noticed a scorpion
    87 | D:5      | Noticed an ogre
   112 | D:4      | Noticed a hound
   303 | D:5      | Noticed an iguana
   312 | D:5      | Killed an iguana
   313 | D:5      | Reached skill level 7 in Stealth
   313 | D:5      | Reached XP level 2. HP: 21/21 MP: 2/2
   313 | D:5      | Reached XP level 3. HP: 26/26 MP: 3/3
   340 | D:5      | Noticed a water moccasin
   354 | D:5      | Killed a water moccasin
   355 | D:5      | Reached skill level 8 in Stealth
   355 | D:5      | Reached XP level 4. HP: 31/31 MP: 4/4
   355 | D:5      | Reached XP level 5. HP: 36/36 MP: 5/5
   373 | D:5      | Found a white marble altar of Elyvilon.
   415 | D:5      | Found Cedavo's Jewellery Boutique.
   481 | D:5      | Reached skill level 9 in Stealth
   618 | D:4      | Found a sacrificial altar of Ru.
   665 | D:4      | Noticed Ijyb
   678 | D:4      | Killed Ijyb
   900 | D:4      | Found a glowing golden altar of the Shining One.
   931 | D:4      | Noticed an ogre
   947 | D:4      | Killed an ogre
   948 | D:4      | Reached XP level 6. HP: 18/43 MP: 6/6
   983 | D:4      | Noticed Blork the orc
  1041 | D:4      | Killed Blork the orc
  1047 | D:4      | HP: 2/43 [hound (2)]
  1047 | D:4      | Slain by a hound

Illustrated notes

Levels and vault maps discovered:
D:4:      layout_cave_pools, nicolae_tso_besieged_by_evil, lemuel_round_altar,
          nicolae_ru_sacrificial_ziggurat, minmay_temple_entry_grid, uniq_ijyb,
          uniq_blork_the_orc
D:5:      layout_layer_cave, kennysheep_mini_moat, serial_shops,
          nicolae_shop_trees

Skill      XL: |  1  2  3  4  5  6 |
---------------+-------------------+-----
Stealth        | 7 8 9 |  9.9
Polearms       | 3 |  3.2
Fighting       | |  3.9
Short Blades   | |  0.8
Dodging        | |  2.6

Action                   |  1- 3 |  4- 6 || total
-------------------------+-------+-------++-------
Melee: Dagger            |     2 |     5 ||     7
       Spear             |       |    70 ||    70
       Constrict         |       |    19 ||    19
       Tentacles         |       |    18 ||    18
Evoke: Wand              |     1 |       ||     1
  Use: Scroll            |     1 |     1 ||     2
 Stab: Sleeping          |     2 |     4 ||     6
Armor: Skin              |       |     5 ||     5
Dodge: Dodged            |       |    40 ||    40

Table legend: (Time is in decaauts)
 A = Elapsed time spent in this place.
 B = Non-inter-level travel time spent in this place.
 C = Inter-level travel time spent in this place.
 D = Time resting spent in this place.
 E = Time spent auto-exploring this place.
 F = Levels seen in this place.
 G = Mean time per level.
                   A        B        C        D        E       F      G
               +--------+--------+--------+--------+--------+-----+--------+
         Total |   1044 |   1044 |      0 |    467 |      0 |   2 |  522.0 |
       Dungeon |   1044 |   1044 |      0 |    467 |      0 |   2 |  522.0 |
               +--------+--------+--------+--------+--------+-----+--------+

Top non-repeatable levels by time:
     D:5: 597 daAuts
     D:4: 447 daAuts
